 Dungeon Crawl Stone Soup version 0.24.0-29-g8ce449bc06 (webtiles) character file.

Game seed: 4129534920543391636, levelgen mode: deterministic

479310 Froggeryz the Hoplite (level 24, -17/172 HPs)
             Began as a Gargoyle Gladiator on Nov 15, 2019.
             Was the Champion of Okawaru.
             Killed from afar by a deep elf high priest (28 damage)
             ... with damnation
             ... on level 3 of the Elven Halls.
             The game lasted 02:08:17 (49992 turns).

Froggeryz the Hoplite (Gargoyle Gladiator)         Turns: 49992, Time: 02:08:17

Health: -17/172    AC: 53    Str: 23    XL:     24   Next: 50%
Magic:  39/39      EV:  7    Int: 14    God:    Okawaru [******]
Gold:   3539       SH: 24    Dex: 12    Spells: 23/23 levels left

rFire    + + +     SeeInvis +   u - +0 eveningstar (pain)
rCold    + . .     Gourm    .   H - +0 large shield
rNeg     + . .     Faith    .   N - +4 plate armour {rC+}
rPois    ∞         Spirit   .   b - +2 hat {SInv}
rElec    +         Reflect  .   q - +1 cloak {+Inv}
rCorr    .         Harm     .   B - +2 pair of gloves {Str+3}
MR       ++...                  X - +2 pair of boots {run}
Stlth    ..........             h - amulet of Vitality {Regen+ HP+15}
HPRegen  0.78/turn              n - ring "Irooq" {*Drain +Inv rF+++ MR+ MP+9 Int-2}
MPRegen  0.26/turn              o - +5 ring of protection

@: studying 2 skills, heavily drained, quick
A: big wings, molten scales 1, low mp 1, negative energy resistance 1,
electricity resistance, weak 1, unbreathing, petrification resistance, rot
immunity, AC +18
}: 3/15 runes: barnacled, silver, gossamer
a: Fly, Heroism, Finesse, Renounce Religion, Evoke Invisibility


You were on level 3 of the Elven Halls.
You worshipped Okawaru.
Okawaru was exalted by your worship.
You were very hungry.

You visited 9 branches of the dungeon, and saw 42 of its levels.
You visited the Abyss 1 time.
You also visited: Ossuary and Ice Cave.

You collected 5405 gold pieces.
You spent 1866 gold pieces at shops.

Inventory:

Hand Weapons
 u - a +0 eveningstar of pain (weapon)
 U - the +6 morningstar "Beastslayer" {holy, -Tele rPois Str+8}
   (Okawaru gifted it to you on level 1 of the Elven Halls)

   It has been blessed by the Shining One to cause great damage to the undead
   and demons.
   It affects your strength (+8).
   It protects you from poison.
   It prevents most forms of teleportation.
Missiles
 d - 11 throwing nets
 m - 11 curare-tipped darts
 w - 67 silver javelins
 J - 29 javelins (quivered)
Armour
 b - a +2 hat of see invisible (worn)
 c - the +0 pair of boots "Camosis" {MR+ Int+4}
   (Okawaru gifted it to you on level 2 of the Elven Halls)

   It affects your intelligence (+4).
   It affects your resistance to hostile enchantments.
 q - a +1 cloak of invisibility (worn)
 B - a +2 pair of gloves of strength (worn)
 H - a +0 large shield (worn)
 N - a +4 plate armour of cold resistance (worn)
 O - a +2 helmet of intelligence
 V - a +1 shield of reflection
 X - a +2 pair of boots of running (worn)
Jewellery
 h - the amulet of Vitality (around neck) {Regen+ HP+15}
   (You found it on level 8 of the Dungeon)

   [amulet of regeneration]

   It affects your health (+15).
   It increases your rate of regeneration.
 k - an uncursed ring of protection from cold
 n - the ring "Irooq" (left hand) {*Drain +Inv rF+++ MR+ MP+9 Int-2}
   (You found it on level 15 of the Dungeon)

   [ring of protection from magic]

   It affects your intelligence (-2).
   It renders you almost immune to fire.
   It affects your resistance to hostile enchantments.
   It affects your magic capacity (+9).
   It lets you turn invisible.
   It causes draining when unequipped.
 o - a +5 ring of protection (right hand)
 W - an uncursed ring of protection from magic
Wands
 g - a wand of iceblast (49)
 x - a wand of digging (7)
 C - a wand of scattershot (6)
 E - a wand of clouds (5)
 L - a wand of enslavement (9)
 S - a wand of disintegration (18)
Scrolls
 i - 22 scrolls of teleportation
 j - 11 scrolls of identify
 p - 4 scrolls of fog
 r - 4 scrolls of silence
 s - a scroll of enchant armour
 t - a scroll of summoning
 v - 3 scrolls of blinking
 y - 13 scrolls of remove curse
 z - 7 scrolls of magic mapping
 D - 9 scrolls of enchant weapon
 P - 5 scrolls of fear
Potions
 a - 8 potions of curing
 A - a potion of heal wounds
 F - 4 potions of might
 G - 3 potions of haste
 M - 4 potions of resistance
 Q - 5 potions of agility
 T - 2 potions of mutation
 Y - a potion of magic
Books
 R - a manual of Evocations
 Z - a manual of Throwing
Comestibles
 f - 70 rations


   Skills:
 + Level 18.0(14.8) Fighting
 - Level 23.0(19.4) Maces & Flails
 - Level 1.7(0.0) Throwing
 - Level 10.1(7.4) Armour
 + Level 3.3(1.1) Dodging
 - Level 26.3(22.5) Shields
 - Level 14.3(11.3) Evocations


You had 23 spell levels left.
You didn't know any spells.
Your spell library contained the following spells:

 Spells                   Type           Power        Failure   Level  Hunger
 Animate Skeleton         Necr           N/A          99%         1    ##.....
 Beastly Appendage        Tmut           #.....       99%         1    ##.....
 Confusing Touch          Hex            #.....       99%         1    ##.....
 Corona                   Hex            #......      99%         1    ##.....
 Freeze                   Ice            #...         99%         1    ##.....
 Infusion                 Chrm           #...         99%         1    ##.....
 Pain                     Necr           #...         99%         1    ##.....
 Sandblast                Erth           #.....       99%         1    ##.....
 Shock                    Conj/Air       #...         99%         1    ##.....
 Sting                    Conj/Pois      #...         99%         1    ##.....
 Ensorcelled Hibernation  Hex/Ice        #.....       100%        2    ###....
 Passwall                 Tmut/Erth      #.......     100%        2    ###....
 Poisonous Vapours        Pois/Air       #.....       100%        2    ###....
 Shroud of Golubria       Chrm/Tloc      #.....       100%        2    ###....
 Song of Slaying          Chrm           #.......     100%        2    ###....
 Sticks to Snakes         Tmut           #.......     100%        2    ###....
 Swiftness                Chrm/Air       #.......     100%        2    ###....
 Throw Frost              Conj/Ice       #.....       100%        2    ###....
 Confuse                  Hex            #.......     100%        3    ####...
 Conjure Flame            Conj/Fire      #.......     100%        3    ####...
 Dazzling Spray           Conj/Hex       #.....       100%        3    ####...
 Gell's Gravitas          Tloc           #.........   100%        3    ####...
 Ignite Poison            Fire/Tmut/Pois #.......     100%        3    ####...
 Mephitic Cloud           Conj/Pois/Air  #.......     100%        3    ####...
 Ozocubu's Armour         Chrm/Ice       #.......     100%        3    ####...
 Portal Projectile        Hex/Tloc       #.....       100%        3    ####...
 Regeneration             Chrm/Necr      #.........   100%        3    ####...
 Spectral Weapon          Hex/Chrm       #.......     100%        3    ####...
 Spider Form              Tmut/Pois      #.........   100%        3    ####...
 Static Discharge         Conj/Air       #.......     100%        3    ####...
 Stone Arrow              Conj/Erth      #.....       100%        3    ####...
 Tukima's Dance           Hex            #.......     100%        3    ####...
 Vampiric Draining        Necr           #.........   100%        3    ####...
 Airstrike                Air            #.........   100%        4    #####..
 Animate Dead             Necr           N/A          100%        4    #####..
 Force Lance              Conj/Tloc      #.......     100%        4    #####..
 Ice Form                 Ice/Tmut       #.......     100%        4    #####..
 Olgreb's Toxic Radiance  Pois           #.......     100%        4    #####..
 Petrify                  Tmut/Erth      #.......     100%        4    #####..
 Summon Ice Beast         Ice/Summ       #.......     100%        4    #####..
 Summon Lightning Spire   Summ/Air       #.......     100%        4    #####..
 Throw Icicle             Conj/Ice       #.......     100%        4    #####..
 Blade Hands              Tmut           #.........   100%        5    ######.
 Bolt of Draining         Conj/Necr      #.........   100%        5    ######.
 Excruciating Wounds      Chrm/Necr      #.........   100%        5    ######.
 Fireball                 Conj/Fire      #.........   100%        5    ######.
 Irradiate                Conj/Tmut      #.........   100%        5    ######.
 Iskenderun's Battlesphe  Conj/Chrm      #.......     100%        5    ######.
 Lee's Rapid Deconstruct  Erth           #.........   100%        5    ######.
 Lightning Bolt           Conj/Air       #.........   100%        5    ######.
 Metabolic Englaciation   Hex/Ice        #.........   100%        5    ######.
 Silence                  Hex/Air        #.........   100%        5    ######.
 Summon Forest            Summ/Tloc      #.........   100%        5    ######.
 Venom Bolt               Conj/Pois      #.........   100%        5    ######.
 Yara's Violent Unravell  Hex/Tmut       #.........   100%        5    ######.
 Bolt of Cold             Conj/Ice       #.........   100%        6    #######
 Bolt of Fire             Conj/Fire      #.........   100%        6    #######
 Conjure Ball Lightning   Conj/Air       #.........   100%        6    #######
 Death Channel            Necr           #.........   100%        6    #######
 Deflect Missiles         Chrm/Air       #.........   100%        6    #######
 Dispersal                Tloc           #.........   100%        6    #######
 Freezing Cloud           Conj/Ice/Air   #.........   100%        6    #######
 Hydra Form               Tmut           #.........   100%        6    #######
 Ozocubu's Refrigeration  Ice            #.........   100%        6    #######
 Simulacrum               Ice/Necr       #.........   100%        6    #######
 Dragon Form              Tmut           #.........   100%        7    #######
 Haunt                    Necr/Summ      #.........   100%        7    #######
 Malign Gateway           Summ/Tloc      #.........   100%        7    #######
 Monstrous Menagerie      Summ           #.........   100%        7    #######
 Ring of Flames           Chrm/Fire      #.........   100%        7    #######
 Summon Greater Demon     Summ           #.........   100%        7    #######
 Borgnjor's Revivificati  Necr           #.........   100%        8    #######
 Controlled Blink         Tloc           N/A          100%        8    #######
 Death's Door             Chrm/Necr      #.........   100%        8    #######
 Disjunction              Tloc           #.........   100%        8    #######
 Ignition                 Fire           #.........   100%        8    #######
 Infestation              Necr           #.........   100%        8    #######
 Necromutation            Tmut/Necr      #.........   100%        8    #######
 Summon Horrible Things   Summ           #.........   100%        8    #######
 Tornado                  Air            #.........   100%        9    #######
 Statue Form              Tmut/Erth      Unusable     N/A         6    N/A

Dungeon Overview and Level Annotations

Branches:
Dungeon (15/15)            Temple (0/1) D:4            Lair (6/6) D:8
 Shoals (4/4) Lair:2       Spider (4/4) Lair:4        Slime (0/5) Lair:6
    Orc (2/2) D:9             Elf (3/3) Orc:2        Vaults (5/5) D:14
  Crypt (1/3) Vaults:2     Depths (2/5) D:15        Ossuary (visited)
  IceCv (visited)

Altars:
Dithmenos
Fedhas
Hepliaklqana
Kikubaaqudgha
Makhleb
Nemelex Xobeh
Okawaru
Trog
Uskayaw
Wu Jian
Xom
Yredelemnul
Zin
Jiyva

Shops:
D:9 =(   D:14 *   Orc:2 **?!=   Elf:1 =   Vaults:5 %%%!

Portals:
Hell: Lair:6 Depths:1
Pandemonium: Depths:1

Annotations:
Shoals:2 Dufeto Addev's ghost, adept GrEE


Innate Abilities, Weirdness & Mutations

You are resistant to torment.
Your stone body is resilient. (AC +18)
You are immune to poison.
Your large and strong wings let you fly indefinitely.
You resist negative energy. (rN+)
You are resistant to electric shocks. (rElec)
You can survive without breathing.
You are immune to petrification.
You are immune to rotting.
You are partially covered in molten scales. (AC +2)
Your magical capacity is low. (-10% MP)
You are weak. (Str -2)


Message History

* * * LOW HITPOINT WARNING * * *
You closely miss the deep elf death mage.
The deep elf death mage is severely wounded.
The deep elf death mage casts a spell at you.
The bolt of negative energy hits you! You partially resist.
You feel drained.
* * * LOW HITPOINT WARNING * * *
You sock the deep elf death mage!
The deep elf death mage is almost dead.
You closely miss the deep elf death mage.
The deep elf death mage is almost dead.
The deep elf death mage hits you but does no damage.
You hit the deep elf death mage but do no damage.
The deep elf death mage is almost dead.
You block the deep elf death mage's attack.
You thump the deep elf death mage!
You kill the deep elf death mage!
Okawaru accepts your kill.
The deep elf high priest calls down the wrath of its god upon you.
The sphere of damnation explodes!
The damnation engulfs you!!
You die...

#...#.###
.......#....
.###.##
......#....#
#.#.## .
............#
##.## ##
...........# ###
#.###..........#
#.............#
#.#..........#
#.#.#........
#)@).......#
#.###.......#
#e# #.......#
#.# #.......#
#.# .#.##.###
#.# # #.#.# #.
..... .# ### ##


You could see a deep elf high priest.

Vanquished Creatures
  Mara (Depths:1)
  A juggernaut (Depths:1)
  An ancient lich (Vaults:4)
  Bai Suzhen (Vaults:5)
  Xtahua (Vaults:2)
  Nikola (Elf:2)
  2 golden dragons (Vaults:5)
  Arachne (Spider:3)
  A hellephant (Abyss:2)
  3 tentacled monstrosities
  5 liches
  Asterion (Elf:1)
  7 titans
  A deep elf blademaster (Elf:3)
  A deep elf master archer (Elf:3)
  A quicksilver dragon (Vaults:4)
  Frances (D:14)
  A tentacled starspawn (Abyss:2)
  3 sphinxes
  Polyphemus (Shoals:2)
  2 tengu reavers (Vaults:5)
  4 storm dragons
  3 shadow dragons
  Ilsuiw (Shoals:3)
  The ghost of will825x the Protected, an adept GnEn of Okawaru (Spider:4)
  8 vault wardens
  The ghost of Qishud the Geomancer, an adept GrEE of Vehumet (D:15)
  3 fire giants
  4 ghost moths (Spider:4)
  2 iron dragons
  Louise (D:14)
  3 deep elf sorcerers
  4 emperor scorpions
  8 frost giants
  11 ironheart preservers
  3 deep elf elementalists
  2 orc warlords
  3 war gargoyles (Vaults:5)
  8 very ugly things
  A reaper (Depths:1)
  2 vampire knights (Depths:1)
  7 deep elf demonologists
  An entropy weaver (Spider:2)
  14 stone giants
  6 deep elf annihilators
  5 spark wasps
  A dire elephant (Lair:6)
  A lorocyproca (Abyss:2)
  3 deep elf death magi
  5 merfolk javelineers
  10 merfolk impalers
  An ettin (shapeshifter) (Vaults:5)
  Josephine (D:13)
  8 ettins
  A crystal guardian (Vaults:4)
  A fire dragon (Vaults:4)
  14 yaktaur captains
  4 deep elf high priests
  4 great orbs of eyes
  2 rakshasas (Depths:1)
  28 vault guards
  Fannar (Orc:1)
  Erolcha (D:10)
  8 hydras
  9 ice dragons
  2 catoblepae
  2 merfolk avatars (Shoals:2)
  2 satyrs
  13 centaur warriors
  3 death knights
  3 merfolk aquamancers
  An alligator snapping turtle (Vaults:4)
  33 two-headed ogres
  9 death yaks
  28 dancing weapons
  15 ogre magi
  2 deep troll earth magi
  2 deep troll shamans
  Urug (Lair:2)
  22 deep elf knights
  7 hell knights (Depths:1)
  Sonja (D:11)
  A spriggan berserker (Depths:2)
  6 orc high priests
  A fire crab (Lair:5)
  2 sixfirhies
  6 skeletal warriors
  An iron troll (Depths:1)
  16 sea snakes
  A flayed ghost (Vaults:2)
  7 unseen horrors
  2 unseen horrors (shapeshifter)
  12 deep elf archers
  A swamp dragon (Lair:4)
  A glowing orange brain (Vaults:2)
  8 deep trolls
  Pikel (D:5)
  4 phantasmal warriors
  A tengu zombie (Vaults:3)
  3 wizards
  22 harpies
  18 ironbrand convokers
  4 necromancers
  A wolf spider (shapeshifter) (D:15)
  22 orc knights
  15 orb spiders
  22 wolf spiders
  50 deep elf magi
  24 ugly things
  17 fauns
  A mana viper (shapeshifter) (Depths:2)
  A cyclops (shapeshifter) (Vaults:5)
  12 cyclopes
  6 orc sorcerers
  28 slime creatures
  A black mamba (shapeshifter) (Vaults:5)
  3 moths of wrath
  Maurice (D:9)
  15 manticores
  5 large abominations (Abyss:2)
  17 elephants
  3 ice statues (IceCv)
  Joseph (D:9)
  8 black mambas
  9 merfolk sirens
  4 water nymphs
  5 centaur zombies
  16 vault sentinels
  2 torpor snails
  A rust devil (Depths:1)
  2 orange demons (Lair:6)
  2 smoke demons
  16 spiny frogs
  A centaur skeleton (D:14)
  2 gargoyles
  A rime drake (shapeshifter) (Vaults:5)
  A redback zombie (D:15)
  3 rime drakes
  An efreet (Abyss:2)
  9 komodo dragons
  10 freezing wraiths
  2 hellwings (Depths:1)
  8 demonic crawlers
  A yaktaur (shapeshifter) (Vaults:2)
  A red devil (Lair:6)
  50 yaktaurs
  An ancient zyme (Abyss:2)
  3 tengu conjurers (Depths:1)
  4 wind drakes
  2 ice devils (Lair:6)
  15 merfolk
  2 meliai (shapeshifter)
  4 trolls
  A jumping spider (shapeshifter) (Elf:2)
  A polar bear (shapeshifter) (D:14)
  A polar bear (Lair:6)
  A wind drake (shapeshifter) (Elf:2)
  19 jumping spiders
  2 human simulacra
  17 hornets
  15 dream sheep
  19 hippogriffs
  16 blink frogs
  A meliai zombie (D:13)
  4 snapping turtles (Shoals:3)
  4 raiju (Abyss:2)
  2 centaur simulacra (D:11)
  7 water elementals
  2 air elementals (Elf:1)
  2 vampires
  A human (D:7)
  31 tarantellas
  A yak (shapeshifter) (Vaults:2)
  34 yaks
  69 redbacks
  6 wraiths
  5 wyverns
  4 hogs (D:7)
  A hog (shapeshifter) (Depths:1)
  2 fire bats (Depths:1)
  2 fire elementals
  5 basilisks
  2 hungry ghosts
  4 vampire mosquitoes
  9 wargs
  4 swamp worms (Lair:6)
  3 acid dragons
  5 hell hounds (Lair:6)
  9 water moccasins
  9 porcupines
  A floating eye (Depths:2)
  A hornet zombie (D:10)
  4 slaves (D:5)
  4 sky beasts
  63 orc warriors
  A black bear (shapeshifter) (Vaults:5)
  2 eyes of draining (D:11)
  2 ice beasts (shapeshifter)
  2 phantoms
  A black bear (Lair:2)
  3 human zombies
  8 ice beasts
  An eye of draining (shapeshifter) (Vaults:3)
  39 ogres
  3 necrophages
  32 centaurs
  A boggart (Vaults:2)
  6 wolves
  12 crocodiles
  3 big kobolds
  16 bullfrogs
  2 earth elementals
  A glowing shapeshifter simulacrum (Vaults:3)
  A water moccasin zombie (D:7)
  2 wyvern skeletons
  A deep troll simulacrum (Vaults:3)
  2 scorpions
  10 killer bees
  13 wights
  4 howler monkeys
  5 electric eels
  7 crimson imps
  2 small abominations
  2 bullfrog zombies
  2 yaktaur simulacra
  A jelly (D:15)
  A wyvern simulacrum (D:11)
  3 bullfrog skeletons
  32 orc priests
  4 hounds
  2 iron imps (Abyss:2)
  28 orc wizards
  2 iguanas
  11 worker ants
  A hound zombie (D:11)
  9 mummies
  A howler monkey zombie (D:10)
  A worker ant zombie (D:10)
  11 gnolls
  6 adders
  A shadow imp (D:8)
  A white imp (D:11)
  A worker ant simulacrum (D:11)
  2 ufetubi (D:11)
  An adder zombie (D:5)
  3 worms
  A dart slug (D:1)
  3 leopard geckos
  124 orcs
  A ball python (D:2)
  7 bats
  11 giant cockroaches
  A gnoll zombie (Ossuary)
  9 goblins
  9 hobgoblins
  16 jackals
  3 quokkas
  2 frilled lizards
  2 hobgoblin zombies (Ossuary)
  23 kobolds
  4 kobold zombies (Ossuary)
  An orc zombie (Ossuary)
  4 rats
  A plant (Depths:2)
1864 creatures vanquished.

Vanquished Creatures (collateral kills)
  A storm dragon (Vaults:5)
  A vault warden (Vaults:5)
  2 redbacks (Spider:4)
  A tarantella (Spider:4)
  An ogre (Vaults:5)
  An electric eel (Spider:4)
  An orc (Vaults:5)
8 creatures vanquished.

Vanquished Creatures (others)
  A tengu reaver (Vaults:5)
  A ghost moth (Spider:4)
  A stone giant (Vaults:2)
  An ironheart preserver (Vaults:5)
  A yaktaur captain (Vaults:2)
  A catoblepas (Shoals:2)
  A satyr (Shoals:4)
  4 deep elf knights
  A thrashing horror (Abyss:2)
  A phantasmal warrior (Vaults:2)
  A cyclops (Vaults:1)
  2 deep elf magi (Elf:2)
  An orc sorcerer (Vaults:4)
  An ugly thing (IceCv)
  A spiny frog (shapeshifter) (Vaults:3)
  4 yaktaurs (Vaults:4)
  A jumping spider (Spider:2)
  A water elemental (Elf:1)
  A warg (Vaults:2)
  3 orc warriors
  An ogre (Vaults:5)
  A centaur (Vaults:4)
  An earth elemental (Elf:1)
  An orc priest (Elf:1)
  3 orc wizards
  7 orcs
  A jackal (D:5)
  42 fungi
  15 plants
  6 starspawn tentacles (Abyss:2)
  A withered plant (Shoals:3)
108 creatures vanquished.

Grand Total: 1980 creatures vanquished

Notes
Turn   | Place    | Note
-------+----------+-------------------------------------------
     0 | D:1      | Froggeryz the Gargoyle Gladiator began the quest for the
                  | Orb.
     0 | D:1      | Reached XP level 1. HP: 12/12 MP: 1/1
    72 | D:1      | Reached XP level 2. HP: 8/17 MP: 2/2
   652 | D:1      | Reached XP level 3. HP: 21/21 MP: 3/3
  1628 | D:3      | Found a basalt altar of Yredelemnul.
  1633 | D:3      | Reached XP level 4. HP: 26/26 MP: 4/4
  1701 | D:3      | Reached skill level 5 in Maces & Flails
  2042 | D:3      | Found an iron altar of Okawaru.
  2055 | D:3      | Found a blossoming altar of Fedhas.
  2224 | D:3      | Reached XP level 5. HP: 26/30 MP: 5/5
  2711 | D:4      | Noticed an ogre
  2716 | D:4      | Killed an ogre
  2716 | D:4      | Reached XP level 6. HP: 35/35 MP: 6/6
  3174 | D:4      | Found a bloodstained altar of Trog.
  3182 | D:4      | Reached XP level 7. HP: 40/40 MP: 7/7
  3189 | D:4      | You fall into a shaft and drop 1 floor!
  3189 | D:5      | Entered Level 5 of the Dungeon
  3190 | D:5      | Noticed Pikel
  3251 | D:5      | Killed Pikel
  3251 | D:5      | Reached XP level 8. HP: 40/44 MP: 8/8
  3289 | D:5      | Found a hazy altar of Hepliaklqana.
  3478 | D:5      | Reached skill level 10 in Maces & Flails
  3805 | D:6      | Found a sand-covered staircase.
  3810 | Ossuary  | Entered an ossuary
  4208 | D:6      | Noticed a +0 hand axe
  4208 | D:6      | Noticed a +0 dagger
  4212 | D:6      | Found a hide-covered altar of Uskayaw.
  4488 | D:6      | Reached skill level 1 in Shields
  4488 | D:6      | Reached XP level 9. HP: 40/48 MP: 9/9
  4800 | D:6      | Reached skill level 2 in Shields
  5075 | D:7      | Reached skill level 3 in Shields
  5328 | D:7      | Reached skill level 4 in Shields
  5948 | D:7      | Reached skill level 5 in Shields
  6048 | D:7      | Reached XP level 10. HP: 48/53 MP: 10/10
  6581 | D:8      | Noticed a death yak
  6581 | D:8      | Noticed a death yak
  6582 | D:8      | Noticed a death yak
  6582 | D:8      | Noticed a death yak
  6583 | D:8      | Noticed a death yak
  6587 | D:8      | Noticed a death yak
  6595 | D:8      | Reached XP level 11. HP: 74/74 MP: 11/11
  6602 | D:8      | Killed a death yak
  6603 | D:8      | Noticed a death yak
  6612 | D:8      | Killed a death yak
  6612 | D:8      | Reached skill level 6 in Shields
  6621 | D:8      | Killed a death yak
  6625 | D:8      | Killed a death yak
  6630 | D:8      | Killed a death yak
  6640 | D:8      | Killed a death yak
  6640 | D:8      | Reached skill level 7 in Shields
  6648 | D:8      | Killed a death yak
  6728 | D:8      | Found a staircase to the Lair.
  7107 | D:3      | Became a worshipper of Warmaster Okawaru
  7130 | D:4      | Found a staircase to the Ecumenical Temple.
  7207 | D:4      | Found a sparkling altar of Nemelex Xobeh.
  7600 | D:8      | Found the amulet of Vitality {Regen+ HP+15}
  7668 | D:8      | Found an ornate altar of the Wu Jian Council.
  8006 | Lair:1   | Entered Level 1 of the Lair of Beasts
  8183 | D:9      | Noticed Maurice
  8184 | D:9      | Found a staircase to the Orcish Mines.
  8184 | D:9      | Found Qiny's Weapon Emporium.
  8213 | D:9      | Reached * piety under Okawaru
  8249 | D:9      | Killed Maurice
  8249 | D:9      | Reached XP level 12. HP: 43/80 MP: 12/12
  8289 | D:9      | Found Qeihoom's Jewellery Shoppe.
  8479 | D:9      | Found a shimmering altar of Xom.
  8493 | D:9      | Found a shimmering altar of Xom.
  8494 | D:9      | Found a shimmering altar of Xom.
  8494 | D:9      | Found a shimmering altar of Xom.
  8494 | D:9      | Found a shimmering altar of Xom.
  8494 | D:9      | Found a shimmering altar of Xom.
  8509 | D:9      | Reached skill level 8 in Shields
  8595 | D:9      | Noticed Joseph
  8609 | D:9      | Killed Joseph
  8765 | D:10     | Entered Level 10 of the Dungeon
  9046 | D:10     | Noticed Erolcha
  9341 | Lair:1   | Reached ** piety under Okawaru
  9348 | Lair:1   | Reached skill level 15 in Maces & Flails
  9392 | Lair:1   | Found a glowing silver altar of Zin.
 10052 | Lair:2   | Reached skill level 9 in Shields
 10139 | Lair:2   | Found a staircase to the Shoals.
 10148 | Lair:2   | Reached *** piety under Okawaru
 10217 | Lair:2   | Noticed Urug
 10234 | Lair:2   | Killed Urug
 11490 | Lair:3   | Reached **** piety under Okawaru
 11599 | Lair:3   | Noticed a five-headed hydra
 11606 | Lair:3   | Killed a five-headed hydra
 11926 | Lair:3   | Reached skill level 1 in Armour
 11950 | Lair:3   | Reached skill level 10 in Shields
 12136 | Lair:4   | Found a transporter.
 12171 | Lair:4   | Found a basalt altar of Yredelemnul.
 12190 | Lair:4   | Reached XP level 13. HP: 68/84 MP: 13/13
 12278 | Lair:4   | Found a transporter.
 12297 | Lair:4   | Gained mutation: Your magical capacity is low. (-10% MP)
                  | [potion of mutation]
 12297 | Lair:4   | Gained mutation: You are partially covered in molten
                  | scales. (AC +2) [potion of mutation]
 12360 | Lair:4   | Reached ***** piety under Okawaru
 12527 | Lair:4   | Received a gift from Okawaru
 12527 | Lair:4   | Reached skill level 5 in Armour
 13210 | Lair:4   | Found a hole to the Spider Nest.
 13720 | Lair:5   | Reached skill level 11 in Shields
 14037 | Lair:5   | Received a gift from Okawaru
 14300 | Lair:5   | Received a gift from Okawaru
 15378 | Lair:6   | Entered Level 6 of the Lair of Beasts
 15403 | Lair:6   | Gained mutation: Your large and strong wings let you fly
                  | indefinitely. [Gargoyle growth]
 15403 | Lair:6   | Reached XP level 14. HP: 73/90 MP: 12/12
 15408 | Lair:6   | Reached skill level 10 in Armour
 15507 | Lair:6   | Received a gift from Okawaru
 15676 | Lair:6   | Reached skill level 12 in Shields
 15687 | Lair:6   | Found a shadowy altar of Dithmenos.
 15953 | Lair:6   | Reached skill level 13 in Shields
 15958 | Lair:6   | Reached ****** piety under Okawaru
 16133 | Lair:6   | Found a staircase to the Slime Pits.
 16138 | Lair:6   | Found a viscous altar of Jiyva.
 16175 | Lair:6   | Noticed a dire elephant
 16424 | Lair:6   | Killed a dire elephant
 16490 | Lair:6   | Reached skill level 14 in Shields
 16853 | Lair:6   | Found a burning altar of Makhleb.
 16922 | Lair:6   | Received a gift from Okawaru
 17276 | Lair:6   | Found a gateway to Hell.
 17498 | Orc:1    | Entered Level 1 of the Orcish Mines
 17526 | Orc:1    | Reached skill level 15 in Shields
 17647 | Orc:1    | Paralysed by an orc sorcerer for 4 turns
 17655 | Orc:1    | Paralysed by an orc sorcerer for 4 turns
 17729 | Orc:1    | Noticed Fannar
 17769 | Orc:1    | Killed Fannar
 18045 | Orc:2    | Entered Level 2 of the Orcish Mines
 18183 | Orc:2    | Noticed an orc warlord
 18245 | Orc:1    | Killed an orc warlord
 18286 | Orc:2    | Found Zulyod's Jewellery Shop.
 18330 | Orc:2    | Noticed a stone giant
 18356 | Orc:2    | Killed a stone giant
 18407 | Orc:2    | Found a staircase to the Elven Halls.
 18444 | Orc:2    | Received a gift from Okawaru
 18444 | Orc:2    | Reached XP level 15. HP: 95/95 MP: 13/13
 18642 | Orc:2    | Reached skill level 16 in Shields
 19702 | Orc:2    | Found Zapooll's Magic Scroll Emporium.
 19705 | Orc:2    | Found Feuc Gic's Assorted Antiques.
 19706 | Orc:2    | Found Mufiriph's Distillery.
 19707 | Orc:2    | Found Vecisuydi's General Store.
 19711 | Orc:2    | Bought a glowing morningstar for 168 gold pieces
 19716 | Orc:2    | Bought a scroll of teleportation for 42 gold pieces
 19932 | D:10     | Killed Erolcha
 20400 | D:11     | Found a frozen archway.
 20415 | IceCv    | Entered an ice cave
 20483 | IceCv    | Reached skill level 17 in Shields
 20855 | D:11     | Noticed Sonja
 21626 | D:11     | Killed Sonja
 21734 | D:12     | Received a gift from Okawaru
 21943 | D:12     | Reached skill level 18 in Shields
 22019 | D:12     | Found a runed translucent door.
 22020 | D:12     | Found a runed translucent door.
 22023 | D:12     | Found a runed translucent door.
 22514 | D:13     | Noticed Josephine
 22528 | D:13     | Killed Josephine
 22869 | D:14     | Found a gate to the Vaults.
 22872 | D:14     | Noticed Frances
 22978 | D:14     | Reached XP level 16. HP: 100/100 MP: 14/14
 23062 | D:14     | Received a gift from Okawaru
 23062 | D:14     | Reached skill level 19 in Shields
 23135 | D:14     | Killed Frances
 23230 | D:14     | Found Eblul's Demolitions Depot.
 23282 | D:14     | Bought a manual of Evocations for 1656 gold pieces
 23450 | D:14     | Reached skill level 1 in Evocations
 23482 | D:14     | Noticed Louise
 23518 | D:14     | Cast into level 2 of the Abyss (Louise)
 23603 | Abyss:2  | Noticed a hellephant
 23653 | Abyss:2  | HP: 3/115 [hellephant/blast of flame (48)]
 23665 | Abyss:2  | Noticed a tentacled starspawn
 23686 | Abyss:2  | Killed a tentacled starspawn
 23705 | Abyss:2  | Killed a hellephant
 23942 | Abyss:2  | Reached skill level 5 in Evocations
 23965 | Abyss:2  | Noticed a tentacled starspawn
 24015 | D:14     | Escaped the Abyss
 24030 | D:14     | Killed Louise
 24314 | D:15     | Entered Level 15 of the Dungeon
 24516 | D:15     | Found a staircase to the Depths.
 24583 | D:15     | Received a gift from Okawaru
 24584 | D:15     | Got a slimy morningstar {god gift}
 24585 | D:15     | Identified the +6 morningstar "Beetleslayer" {freeze, rPois
                  | rC- MP-9 Str+7} (Okawaru gifted it to you on level 15 of
                  | the Dungeon)
 25035 | D:15     | Found an ancient bone altar of Kikubaaqudgha.
 25035 | D:15     | Noticed a lich
 25035 | D:15     | Noticed a lich
 25036 | D:15     | Found a runed translucent gate.
 25036 | D:15     | Found a runed translucent gate.
 25036 | D:15     | Found a runed translucent gate.
 25036 | D:15     | Noticed Qishud's ghost (adept GrEE)
 25036 | D:15     | Noticed a lich
 25036 | D:15     | Noticed a lich
 25054 | D:15     | Killed a lich
 25054 | D:15     | Reached skill level 20 in Shields
 25058 | D:15     | Killed a lich
 25065 | D:15     | Killed a lich
 25065 | D:15     | Received a gift from Okawaru
 25075 | D:15     | Killed a lich
 25075 | D:15     | Received a gift from Okawaru
 25137 | D:15     | Killed Qishud's ghost
 25156 | D:15     | Identified Kikubaaqudgha's Tome of Unholy Secrets
 25168 | D:15     | Got a pair of fine gloves
 25169 | D:15     | Identified the +0 pair of gloves of the Worm {rPois rF+++
                  | Str+6 Int-2} (You found it on level 15 of the Dungeon)
 25186 | D:15     | Got a sparkling jade ring
 25191 | D:15     | Identified the ring "Irooq" {*Drain +Inv rF+++ MR+ MP+9
                  | Int-2} (You found it on level 15 of the Dungeon)
 25246 | D:15     | Got a heavily runed ring mail
 25247 | D:15     | Identified the cursed +1 ring mail "Hiedde Goar" {Str+3
                  | Dex+3 Slay+2} (You found it on level 15 of the Dungeon)
 25583 | Spider:1 | Entered Level 1 of the Spider Nest
 25662 | Spider:1 | Reached skill level 10 in Evocations
 25685 | Spider:1 | Reached XP level 17. HP: 103/104 MP: 22/22
 26978 | Spider:3 | Noticed Arachne
 27022 | Spider:3 | Killed Arachne
 27119 | Spider:3 | Reached skill level 21 in Shields
 27498 | Spider:4 | Entered Level 4 of the Spider Nest
 27675 | Spider:4 | Received a gift from Okawaru
 28063 | Spider:4 | Found a runed translucent door.
 28063 | Spider:4 | Noticed will825x's ghost (adept GnEn)
 28263 | Spider:4 | Killed will825x's ghost
 28538 | Spider:4 | Reached XP level 18. HP: 76/110 MP: 3/25
 28694 | Spider:4 | Identified the Catalogue of Icy Talismans
 28784 | Spider:4 | Received a gift from Okawaru
 29123 | Spider:4 | Got a gossamer rune of Zot
 29282 | Shoals:1 | Entered Level 1 of the Shoals
 29521 | Shoals:1 | Reached skill level 22 in Shields
 30201 | Shoals:2 | You are sucked into a shaft and drop 1 floor!
 30237 | Shoals:2 | Noticed Polyphemus
 30268 | Shoals:2 | Killed Polyphemus
 30397 | Shoals:2 | Found a transporter.
 30400 | Shoals:2 | Noticed Dufeto Addev's ghost (adept GrEE)
 30725 | Shoals:2 | Got a pearl-encrusted scale mail
 30726 | Shoals:2 | Identified the +2 scale mail of Pleasant Breezes {+Fly rF+
                  | rCorr} (You found it on level 2 of the Shoals)
 30759 | Shoals:2 | Found a transporter.
 30762 | Shoals:2 | Identified the ring "Usass" {rF+ rC+ Int+2}
 30935 | Shoals:2 | Received a gift from Okawaru
 31703 | Shoals:3 | Noticed Ilsuiw
 31815 | Shoals:3 | Killed Ilsuiw
 32433 | Shoals:4 | Entered Level 4 of the Shoals
 32540 | Shoals:4 | Reached skill level 23 in Shields
 32572 | Shoals:4 | Reached XP level 19. HP: 101/115 MP: 26/26
 32718 | Shoals:4 | Received a gift from Okawaru
 32894 | Shoals:4 | Got a barnacled rune of Zot
 33198 | Shoals:4 | Received a gift from Okawaru
 33951 | Vaults:1 | Entered Level 1 of the Vaults
 34127 | Vaults:1 | Reached skill level 24 in Shields
 34213 | Vaults:1 | Identified a +1 pair of boots of running (Okawaru gifted it
                  | to you on level 4 of the Shoals)
 34792 | Vaults:1 | Got a transparent battleaxe
 34793 | Vaults:1 | Identified the +2 battleaxe "Guapoh" {antimagic, rElec}
                  | (You found it on level 1 of the Vaults)
 35745 | Vaults:2 | Reached skill level 25 in Shields
 35865 | Vaults:2 | Noticed Xtahua
 35875 | Vaults:2 | Received a gift from Okawaru
 35893 | Vaults:2 | Killed Xtahua
 35893 | Vaults:2 | Reached XP level 20. HP: 86/120 MP: 27/27
 36513 | Vaults:2 | Found a staircase to the Crypt.
 36524 | Vaults:2 | You are sucked into a shaft and drop 2 floors!
 36691 | Vaults:4 | Reached skill level 26 in Shields
 37279 | Vaults:4 | Received a gift from Okawaru
 38607 | Vaults:3 | Reached XP level 21. HP: 93/127 MP: 28/28
 39227 | Vaults:3 | Received a gift from Okawaru
 40000 | Vaults:5 | Entered Level 5 of the Vaults
 40807 | Vaults:5 | Received a gift from Okawaru
 40831 | Vaults:5 | Noticed Bai Suzhen
 40852 | Vaults:5 | Reached XP level 22. HP: 103/137 MP: 29/29
 40881 | Vaults:5 | Killed Bai Suzhen
 41117 | Vaults:5 | Noticed an ancient lich
 41761 | Vaults:4 | Killed an ancient lich
 41761 | Vaults:4 | Received a gift from Okawaru
 41762 | Vaults:4 | Got a crystal demon whip {god gift}
 41763 | Vaults:4 | Identified the +5 demon whip of the Dozen Scars {chaos,
                  | MR+} (Okawaru gifted it to you on level 4 of the Vaults)
 41995 | Vaults:5 | Noticed a golden dragon
 42041 | Vaults:5 | Killed a golden dragon
 42260 | Vaults:5 | Reached skill level 15 in Fighting
 42273 | Vaults:5 | Paralysed by a floating eye for 4 turns
 42330 | Vaults:5 | Received a gift from Okawaru
 42432 | Vaults:5 | Identified the +9 glaive of Abaeqa {venom, rC+ rN+}
 43245 | Crypt:1  | Entered Level 1 of the Crypt
 43381 | Vaults:5 | Received a gift from Okawaru
 43428 | Vaults:5 | Noticed a golden dragon
 43754 | Vaults:5 | Killed a golden dragon
 43870 | Vaults:5 | Got a silver rune of Zot
 44059 | Vaults:5 | Found Hiybigal's Food Boutique.
 44103 | Vaults:5 | Found Puobet's Distillery.
 44383 | Vaults:5 | Reached XP level 23. HP: 139/146 MP: 30/30
 44512 | Vaults:5 | Found Liqaryic's Food Emporium.
 44538 | Vaults:5 | Found Suoxkito's Food Emporium.
 44869 | Depths:1 | Entered Level 1 of the Depths
 44886 | Depths:1 | Noticed Mara
 44908 | Depths:1 | Noticed Froggeryz's illusion
 44950 | Depths:1 | Killed Mara
 45044 | Depths:1 | Found a one-way gate leading to the halls of Pandemonium.
 45208 | Depths:1 | Received a gift from Okawaru
 46271 | Depths:2 | Paralysed by a floating eye for 2 turns
 46328 | Depths:2 | Noticed a juggernaut
 46479 | Depths:1 | Killed a juggernaut
 46573 | Depths:2 | Received a gift from Okawaru
 46903 | Elf:1    | Entered Level 1 of the Elven Halls
 47459 | Elf:1    | Found Ruwil's Jewellery Emporium.
 47693 | Elf:1    | Noticed Asterion
 47719 | Elf:1    | Killed Asterion
 47719 | Elf:1    | Received a gift from Okawaru
 47720 | Elf:1    | Got a crystal morningstar {god gift}
 47741 | Elf:1    | Identified the +6 morningstar "Beastslayer" {holy, -Tele
                  | rPois Str+8} (Okawaru gifted it to you on level 1 of the
                  | Elven Halls)
 48006 | Elf:1    | Reached XP level 24. HP: 156/156 MP: 30/30
 48022 | Elf:1    | Found a runed translucent gate.
 48022 | Elf:1    | Found a runed translucent gate.
 48022 | Elf:1    | Found a runed translucent gate.
 48022 | Elf:1    | Found a runed translucent gate.
 48022 | Elf:1    | Found a runed translucent gate.
 48024 | Elf:1    | Found a runed translucent gate.
 48039 | Elf:1    | Gained mutation: You are weak. (Str -2) [a cacodemon]
 48322 | Elf:1    | Identified the Almanac of Creative Battle Magic
 48592 | Elf:2    | Found a runed translucent gate.
 48592 | Elf:2    | Found a runed translucent gate.
 48592 | Elf:2    | Found a runed translucent gate.
 48894 | Elf:2    | Received a gift from Okawaru
 48912 | Elf:2    | Got a pair of transparent boots {god gift}
 48913 | Elf:2    | Identified the +0 pair of boots "Camosis" {MR+ Int+4}
                  | (Okawaru gifted it to you on level 2 of the Elven Halls)
 49127 | Elf:2    | Noticed Nikola
 49222 | Elf:2    | Killed Nikola
 49649 | Elf:3    | Entered Level 3 of the Elven Halls
 49992 | Elf:3    | Killed from afar by a deep elf high priest

Levels and vault maps discovered:
D:1:      minmay_arrival_glassed_features, layout_loops_ring
D:2:      layout_basic, hangedman_glass_garden
D:3:      layout_loops_ring, nicolae_overflow_hidden_temple,
          yredelemnul_altar_generic, first_ration
D:4:      layout_gridville, bloody_trog, lemuel_temple_firewalk_b,
          nemelex_diamond_rough_becter
D:5:      layout_rooms, kennysheep_mini_moat, hangedman_decor_slide_cut,
          uniq_pikel
D:6:      layout_gridville, dancing_weapons_uskayaw, enter_ossuary_5
D:7:      layout_gridville, grunt_livestock, chequers_serial_rivers_small_a
D:8:      layout_gridville, kennysheep_mini, dpeg_lair_monsters
D:9:      layout_basic, xom_shifter_show, orc_david_3, serial_shops,
          nicolae_shop_stone, minmay_misc_feat_rugged, uniq_maurice, uniq_joseph
D:10:     layout_small_grid, serial_undead, serial_undead_c, serial_undead_d,
          serial_undead_b, serial_undead_f, serial_undead_b, serial_undead_c,
          serial_undead_c, serial_undead_c, uniq_erolcha
D:11:     layout_roguey, portal_ice_cave_entry_pillars_1, special_room
          [special_room_orc], serial_ice, serial_ice_d, serial_ice_h,
          serial_ice_b, serial_ice_o, serial_ice_i, uniq_sonja
D:12:     layout_rooms, mikee_hates_you
D:13:     layout_roguey, uniq_josephine
D:14:     layout_loops_ring, david_vaults_2, minmay_misc_feat_chi,
          nicolae_blasting_shop, uniq_frances, uniq_louise
D:15:     hangedman_depths_entry_civil_slaughter, layout_basic,
          gammafunk_ghost_crypt, serial_curves, eino_curves_02, eino_curves_03,
          eino_curves_03, eino_curves_04
Lair:1:   layout_chaotic_city, basic_altar
Lair:2:   layout_layer_cave, minmay_shoals_entry_centaurs, uniq_urug
Lair:3:   layout_regular_city, eino_small_chamber_without_monster
Lair:4:   gammafunk_cloud_chamber, layout_cave_pods,
          nicolae_spider_entry_orb_guardian, basic_altar, lemuel_fruit_fields
Lair:5:   layout_gridlike
Lair:6:   evil_forest, layout_regular_city, slime_altar_1, basic_altar,
          worms_lemuel
Shoals:1: layout_shoals
Shoals:2: layout_shoals, gammafunk_ghost_arena, shoals_oasis, uniq_polyphemus
Shoals:3: layout_shoals, argonaut_gorgonesque, uniq_ilsuiw
Shoals:4: shoals_end_grunt_ice, layout_shoals
Spider:1: layout_spider_delve
Spider:2: layout_spider_delve
Spider:3: layout_spider_delve, spiders_nest_hornet_nest, uniq_arachne
Spider:4: spider_rune_water, ebering_ghost_reflecting_pool, lemuel_hornet_nest
Orc:1:    layout_caves, uniq_fannar
Orc:2:    st_orc_pillars, layout_diamond_mine, serial_shops, shop
Elf:1:    eino_elf_arrival_sip, layout_onion_city, serial_shops,
          nicolae_shop_stone, minmay_elf_sorcery, orc_legates, uniq_asterion
Elf:2:    layout_geoelf_diagonals, small_chamber_with_monster, uniq_nikola
Elf:3:    grunt_elf_hall_diamonds, layout_loops_cross, guppyfry_elf_lava
Vaults:1: nicolae_vaults_inception_corners, v_misc_33, vaults_room_fancy_cross,
          v_alt_pattern_1, hangedman_vaults_impose, nicolae_vaults_network_s,
          hangedman_vaults_corner, vaults_dpeg_encased_lava,
          nicolae_vaults_angled_halls, v_alt_pattern_4, v_pattern_1,
          layout_vaults_maze_snakey
Vaults:2: ontoclasm_vaults_ring_large, vaults_standard_mumra_enter_the_diamond,
          v_alt_pattern_5, nicolae_vaults_little_ls,
          nicolae_vaults_windows_and_doors_thing, st_spiral_rooms, v_misc_8,
          nicolae_vaults_little_squares_4, layout_vaults_omnigrid,
          dummy_crypt_entry, uniq_sojobo, uniq_xtahua
Vaults:3: v_pattern_5, dpeg_vaults_waves, nicolae_vaults_ring_of_whatevers,
          hangedman_vaults_corner_blocks, grunt_vaults_hallway_short, v_misc_12,
          v_misc_31, v_alt_pattern_2, v_rooms_5, vaults_standard_mumra_lines,
          layout_vaults_omnicross
Vaults:4: v_misc_8, ontoclasm_vaults_claustrophobia, ontoclasm_vaults_ligature,
          hangedman_vaults_trim, v_alt_pattern_3, nicolae_vaults_arrows,
          v_misc_32, v_rooms_2, v_misc_24, grunt_vaults_funnel,
          vaults_room_semicircle, hangedman_vaults_maws, layout_vaults_omnibox
Vaults:5: serial_shops, uniq_bai_suzhen
Crypt:1:  layout_rooms, serial_co_window_serial, co_window_corner_a,
          co_window_corner_a, co_window_cross_1, co_window_paths_b,
          co_window_of_opportunity_a, co_window_corner_a, co_window_corner_a,
          co_window_unsneaky_path_a, co_window_2corner,
          co_window_unsneaky_path_d, co_window_of_opportunity_c,
          co_window_of_opportunity_c, co_window_corner_b, glass_columns_a,
          glass_columns_b, glass_columns_a, glass_columns_a
Depths:1: layout_basic, rand_demon_pan_entry_7, hell_entry, dk_noncrumbling_4,
          minmay_orc_keep, firewood_loft, uniq_mara
Depths:2: hangedman_cross_cluster, layout_cave_pools, serial_bayou_shore_a,
          pan_entry, pf_coc_iceberg, abyss_entry, st_stairs_14,
          lemuel_statue_altar, minmay_staircase_windowed_large

Skill      XL: |  1  2  3  4  5  6  7  8  9 10 11 12 13 14 15 16 17 18 19 20 21 22 23 24 |
---------------+-------------------------------------------------------------------------+-----
Maces & Flails | 4 5 6 7 9 11 12 13 14 16 18 20 22 23 | 23.0
Shields        | 1 5 7 10 11 15 18 20 21 23 25 26 | 26.3
Fighting       | 11 12 14 15 17 18 | 18.0
Armour         | 3 9 10 | 10.1
Evocations     | 10 13 14 | 14.3
Dodging        | 3 |  3.3
Throwing       | |  1.7

Action                   |  1- 3 |  4- 6 |  7- 9 | 10-12 | 13-15 | 16-18 | 19-21 | 22-24 || total
-------------------------+-------+-------+-------+-------+-------+-------+-------+-------++-------
Melee: Flail             |   141 |    53 |       |       |   484 |       |       |       ||   678
       Morningstar       |       |    64 |   368 |   700 |  2032 |  2377 |  2534 |   461 ||  8536
       Demon whip        |       |       |       |       |       |       |       |  1618 ||  1618
       Eveningstar       |       |       |       |       |       |       |       |   136 ||   136
Throw: Dart              |       |     3 |     3 |       |       |       |       |       ||     6
       Throwing net      |       |       |     1 |     2 |       |       |       |       ||     3
       Javelin           |       |       |       |       |     1 |       |     1 |       ||     2
Invok: Heroism           |       |       |       |       |       |     2 |       |     1 ||     3
       Finesse           |       |       |       |       |       |     1 |       |       ||     1
 Abil: Fly               |       |       |       |       |     1 |     1 |     1 |     1 ||     4
       Stop Flying       |       |       |       |       |       |     1 |     2 |     1 ||     4
Evoke: Wand              |       |       |       |     5 |    11 |     3 |     8 |     2 ||    29
  Use: Scroll            |       |     3 |     5 |     2 |    10 |    13 |     5 |    18 ||    56
       Potion            |       |       |       |     9 |     8 |     8 |     1 |     1 ||    27
 Stab: Sleeping          |     2 |       |     1 |       |       |       |       |       ||     3
       Distracted        |       |     1 |       |       |       |       |     1 |       ||     2
       Held in net/web   |       |       |     3 |     3 |       |     3 |       |       ||     9
       Petrified         |       |       |       |       |       |    11 |       |    15 ||    26
       Paralysed         |       |       |       |       |       |       |       |    36 ||    36
       Petrifying        |       |       |       |       |       |       |       |     5 ||     5
       Confused          |       |       |       |       |       |       |       |     5 ||     5
  Eat: Chunk             |     2 |     5 |    10 |    20 |    34 |    24 |    29 |    19 ||   143
       Ration            |       |       |       |     1 |     1 |     3 |       |     3 ||     8
Armor: Leather armour    |    56 |    65 |   195 |   234 |   248 |       |       |       ||   798
       Skin              |       |       |       |    14 |       |       |       |       ||    14
       Plate armour      |       |       |       |       |  1163 |  1461 |  1038 |   826 ||  4488
Dodge: Dodged            |   111 |    86 |   307 |   466 |   900 |   476 |   332 |   254 ||  2932
Block: Large shield      |       |       |       |       |  1106 |  2807 |  1352 |  1899 ||  7164
       Buckler           |       |       |       |       |   517 |       |       |       ||   517
       Shield            |       |       |       |       |       |    35 |   837 |       ||   872
       Reflection        |       |       |       |       |       |     7 |    60 |       ||    67
